PBL
OAKLAND OAKS @ COLORADO AVALANCHE
09/04/2045
 
TOP OF THE 1ST
Oakland Oaks batting - Pitching for Colorado Avalanche : RHP Lorenzo Pacheco
Pitching: RHP Lorenzo Pacheco
Batting: RHB Scott Lister 0-0: Ball
1-0: Called Strike
1-1: Foul Ball, location: 2F
1-2: SINGLE (Groundball, 56S, EV 66.9 MPH) (infield hit)
Batting: RHB Chris Bohm 0-0: Ball
1-0: Ball
Scott Lister steals 2nd base
2-0: Called Strike
2-1: Ground out 5-3 (Groundball, 5, EV 101.9 MPH)
Batting: SHB D.J. Codd 0-0: Called Strike
0-1: 2-RUN HOME RUN (Flyball, 8LXD, EV 113.8 MPH), Distance : 438 ft
Batting: LHB Gregg Power 0-0: Called Strike
0-1: Foul Ball, location: 2F
0-2: Ball
1-2: Foul Ball, location: 2F
1-2: Foul Ball, location: 2F
1-2: SOLO HOME RUN (Flyball, 9D, EV 100.0 MPH), Distance : 384 ft
Batting: RHB Todd Vanasco 0-0: Called Strike
0-1: Foul Ball, location: 2F
0-2: Ball
1-2: Ball
2-2: Foul Ball, location: 2F
2-2: Foul Ball, location: 2F
2-2: Ball
3-2: Foul Ball, location: 2F
3-2: Strikes out looking
Batting: RHB Tim Cordle 0-0: DOUBLE (Line Drive, 9D, EV 92.5 MPH)
Batting: RHB Tetsuya Shinoda 0-0: Ball
1-0: SINGLE (Groundball, 6MD, EV 96.9 MPH)
Tim Cordle to third
Runner from 3rd tries for Home, SAFE, throw by CF to home
Batting: RHB Travis Robinson 0-0: Called Strike
0-1: Foul Ball, location: 2F
0-2: Foul Ball, location: 2F
0-2: Ball
1-2: Foul Ball, location: 2F
1-2: Foul Ball, location: 2F
1-2: Ball
2-2: Fielders Choice at 2nd, U6 (Groundball, 6M, EV 86.9 MPH)
Top of the 1st over - 4 runs, 5 hits, 0 errors, 1 left on base; Oakland 4 - Colorado 0
BOTTOM OF THE 1ST
Colorado Avalanche batting - Pitching for Oakland Oaks : LHP Kevin Clark
Pitching: LHP Kevin Clark
Batting: SHB Jamie Mims 0-0: Called Strike
0-1: Ball
1-1: Swinging Strike
1-2: Ball
2-2: SINGLE (Line Drive, 9S, EV 94.4 MPH)
Batting: RHB Doug D'Onofrio 0-0: Foul Ball, location: 2F
0-1: Ground out 4-3 (Groundball, 4MS, EV 76.2 MPH)
Jamie Mims to second
Batting: RHB Zakhar Edelman 0-0: Foul Ball, location: 2F
0-1: Ball
1-1: Foul Ball, location: 2F
1-2: Foul Ball, location: 2F
1-2: Foul Ball, location: 2F
1-2: SINGLE (Flyball, 34D, EV 83.1 MPH)
Jamie Mims to third
Batting: LHB Paul McClintock 0-0: Swinging Strike
0-1: Ball
1-1: Called Strike
1-2: Ball
2-2: Strikes out swinging
Batting: RHB Bob Hayes 0-0: Ball
1-0: Called Strike
1-1: Called Strike
1-2: Strikes out looking
Bottom of the 1st over - 0 runs, 2 hits, 0 errors, 2 left on base; Oakland 4 - Colorado 0
TOP OF THE 2ND
Oakland Oaks batting - Pitching for Colorado Avalanche : RHP Lorenzo Pacheco
Batting: RHB Larry Clark 0-0: Fly out, F8 (Flyball, 89M, EV 98.8 MPH)
Batting: RHB Scott Lister 0-0: Foul Ball, location: 2F
0-1: Ball
1-1: SINGLE (Line Drive, 89S, EV 106.9 MPH)
Batting: RHB Chris Bohm 0-0: Ball
1-0: Foul Ball, location: 2F
1-1: Foul Ball, location: 2F
1-2: Ball
2-2: Foul Ball, location: 2F
2-2: Ball
3-2: Base on Balls
Scott Lister to second
Batting: SHB D.J. Codd 0-0: 3-RUN HOME RUN (Flyball, 9LD, EV 95.0 MPH), Distance : 340 ft
Pitching: RHP Jim Crooks
Batting: LHB Gregg Power 0-0: Ground out 4-3 (Groundball, 4, EV 81.9 MPH)
Batting: RHB Todd Vanasco 0-0: Foul Ball, location: 2F
0-1: Ball
1-1: Swinging Strike
1-2: Ball
2-2: Ball
3-2: Base on Balls
Batting: RHB Tim Cordle 0-0: Ball
1-0: Called Strike
1-1: Ball
2-1: Foul Ball, location: 2F
2-2: SINGLE (Groundball, 56S, EV 73.1 MPH) (infield hit)
Todd Vanasco to second
Batting: RHB Tetsuya Shinoda 0-0: Called Strike
0-1: Ball
1-1: Called Strike
1-2: Fly out, F6 (Popup, 6MD, EV 51.2 MPH)
Top of the 2nd over - 3 runs, 3 hits, 0 errors, 2 left on base; Oakland 7 - Colorado 0
BOTTOM OF THE 2ND
Colorado Avalanche batting - Pitching for Oakland Oaks : LHP Kevin Clark
Batting: LHB Michael Krott 0-0: Ground out U3 (Groundball, 34, EV 103.8 MPH)
Batting: RHB Mike McElroy 0-0: Ball
1-0: Called Strike
1-1: Fly out, F8 (Flyball, 8RD, EV 83.8 MPH)
Batting: SHB Brad Madden 0-0: Swinging Strike
0-1: Called Strike
0-2: Ball
1-2: Strikes out swinging
Bottom of the 2nd over - 0 runs, 0 hits, 0 errors, 0 left on base; Oakland 7 - Colorado 0
TOP OF THE 3RD
Oakland Oaks batting - Pitching for Colorado Avalanche : RHP Jim Crooks
Batting: RHB Travis Robinson 0-0: Ball
1-0: SOLO HOME RUN (Flyball, 78XD, EV 112.5 MPH), Distance : 443 ft
Batting: RHB Larry Clark 0-0: Ball
1-0: Ball
2-0: Foul Ball, location: 2F
2-1: Ball
3-1: Called Strike
3-2: SINGLE (Line Drive, 8LS, EV 110.0 MPH)
Batting: RHB Scott Lister 0-0: Called Strike
0-1: Ball
1-1: Ball
2-1: Called Strike
2-2: Strikes out swinging
Batting: RHB Chris Bohm 0-0: Ball
1-0: Fly out, F8 (Flyball, 8LD, EV 105.6 MPH)
Batting: SHB D.J. Codd 0-0: Ball
1-0: Ball
2-0: Called Strike
Balk!
Larry Clark to second
2-1: Foul Ball, location: 2F
2-2: Ball
3-2: 2-RUN HOME RUN (Flyball, 9D, EV 99.4 MPH), Distance : 383 ft
Batting: LHB Gregg Power 0-0: Ball
1-0: Fly out, F7 (Flyball, 7, EV 86.9 MPH)
Top of the 3rd over - 3 runs, 3 hits, 0 errors, 0 left on base; Oakland 10 - Colorado 0
BOTTOM OF THE 3RD
Colorado Avalanche batting - Pitching for Oakland Oaks : LHP Kevin Clark
Batting: RHB Manny Thompson 0-0: Called Strike
0-1: Swinging Strike
0-2: Ball
1-2: Foul Ball, location: 2F
1-2: Ball
2-2: Foul Ball, location: 2F
2-2: Ball
3-2: Strikes out swinging
Batting: SHB Jamie Mims 0-0: Ball
1-0: Swinging Strike
1-1: Foul Ball, location: 2F
1-2: Foul Ball, location: 2F
1-2: Foul Ball, location: 2F
1-2: Strikes out swinging, 2-3 out at first.
Batting: RHB Doug D'Onofrio 0-0: Called Strike
0-1: Foul Ball, location: 2F
0-2: Foul Ball, location: 2F
0-2: Ball
1-2: Ball
2-2: Ground out 6-3 (Groundball, 6, EV 107.5 MPH)
Bottom of the 3rd over - 0 runs, 0 hits, 0 errors, 0 left on base; Oakland 10 - Colorado 0
TOP OF THE 4TH
Oakland Oaks batting - Pitching for Colorado Avalanche : RHP Jim Crooks
Batting: RHB Todd Vanasco 0-0: Ball
1-0: SINGLE (Groundball, 4S, EV 73.1 MPH) (infield hit)
Batting: RHB Tim Cordle 0-0: Swinging Strike
0-1: SINGLE (Flyball, 4D, EV 86.9 MPH)
Todd Vanasco to second
Todd Vanasco to third
Batting: RHB Tetsuya Shinoda 0-0: Grounds into double play, 4-6-3 (Groundball, 4, EV 86.9 MPH)
Todd Vanasco scores
Batting: RHB Travis Robinson 0-0: Ball
1-0: Ball
2-0: Called Strike
2-1: Fly out, F8 (Flyball, 8RS, EV 78.1 MPH)
Top of the 4th over - 1 run, 2 hits, 0 errors, 0 left on base; Oakland 11 - Colorado 0
BOTTOM OF THE 4TH
Colorado Avalanche batting - Pitching for Oakland Oaks : LHP Kevin Clark
Batting: RHB Zakhar Edelman 0-0: Ball
1-0: Ball
2-0: Ground out 5-3 (Groundball, 56, EV 84.4 MPH)
Batting: LHB Paul McClintock 0-0: Ball
1-0: Ball
2-0: Called Strike
2-1: Swinging Strike
2-2: Strikes out swinging
Batting: RHB Bob Hayes 0-0: Reached on error, E8 (Flyball, 8RD, EV 100.6 MPH)
Batting: LHB Michael Krott 0-0: Ball
1-0: Foul Ball, location: 2F
1-1: Ball
2-1: Foul Ball, location: 2F
2-2: Ball
3-2: Ground out 4-3 (Groundball, 4, EV 83.1 MPH)
Bottom of the 4th over - 0 runs, 0 hits, 1 error, 1 left on base; Oakland 11 - Colorado 0
TOP OF THE 5TH
Oakland Oaks batting - Pitching for Colorado Avalanche : RHP Jim Crooks
Pitching: RHP Gorgonio Sigua
Batting: RHB Larry Clark 0-0: Ball
1-0: Foul Ball, location: 2F
1-1: Foul Ball, location: 2F
1-2: Strikes out swinging
Batting: RHB Scott Lister 0-0: Swinging Strike
0-1: Foul Ball, location: 2F
0-2: Ball
1-2: Strikes out swinging
Batting: RHB Chris Bohm 0-0: Swinging Strike
0-1: Ball
1-1: Ball
2-1: Ball
3-1: Base on Balls
Batting: SHB D.J. Codd 0-0: Called Strike
0-1: Swinging Strike
0-2: Foul Ball, location: 2F
0-2: Foul Ball, location: 2F
0-2: Ball
1-2: Ball
2-2: Ball
3-2: SINGLE (Groundball, 6D, EV 104.4 MPH)
Chris Bohm to second
Chris Bohm to third
Batting: LHB Gregg Power 0-0: Foul Ball, location: 2F
0-1: Fly out, F7 (Flyball, 7, EV 94.4 MPH)
Top of the 5th over - 0 runs, 1 hit, 0 errors, 2 left on base; Oakland 11 - Colorado 0
BOTTOM OF THE 5TH
Colorado Avalanche batting - Pitching for Oakland Oaks : LHP Kevin Clark
Batting: RHB Mike McElroy 0-0: Swinging Strike
0-1: Called Strike
0-2: Ball
1-2: Foul Ball, location: 2F
1-2: Foul Ball, location: 2F
1-2: Foul Ball, location: 2F
1-2: Strikes out swinging
Batting: SHB Brad Madden 0-0: Called Strike
0-1: Foul Ball, location: 2F
0-2: Strikes out swinging
Batting: RHB Manny Thompson 0-0: Called Strike
0-1: Ground out 1-3 (Groundball, P, EV 70.6 MPH)
Bottom of the 5th over - 0 runs, 0 hits, 0 errors, 0 left on base; Oakland 11 - Colorado 0
TOP OF THE 6TH
Oakland Oaks batting - Pitching for Colorado Avalanche : RHP Gorgonio Sigua
Batting: RHB Todd Vanasco 0-0: Ball
1-0: Called Strike
1-1: Foul Ball, location: 2F
1-2: Foul Ball, location: 2F
1-2: Strikes out swinging
Batting: RHB Tim Cordle 0-0: Ball
1-0: Ball
2-0: Foul Ball, location: 2F
2-1: Ball
3-1: SINGLE (Popup, 34D, EV 69.4 MPH)
Batting: RHB Tetsuya Shinoda 0-0: Called Strike
0-1: Called Strike
0-2: Ball
1-2: Ball
2-2: Ball
3-2: Foul Ball, location: 2F
3-2: Base on Balls
Tim Cordle to second
Pitching: RHP Davon Ware
Batting: RHB Travis Robinson 0-0: Ball
1-0: Called Strike
1-1: Swinging Strike
1-2: Foul Ball, location: 2F
1-2: Ball
2-2: Strikes out swinging
Batting: RHB Larry Clark 0-0: Foul Ball, location: 2F
0-1: Foul Ball, location: 2F
0-2: SINGLE (Flyball, 9LS, EV 91.9 MPH)
Tim Cordle to third
Tetsuya Shinoda to second
Runner from 3rd tries for Home, SAFE, throw by RF to home
Batting: RHB Scott Lister 0-0: Ball
1-0: Swinging Strike
1-1: Fly out, F4 (Line Drive, 4, EV 70.6 MPH)
Top of the 6th over - 1 run, 2 hits, 0 errors, 2 left on base; Oakland 12 - Colorado 0
BOTTOM OF THE 6TH
Colorado Avalanche batting - Pitching for Oakland Oaks : LHP Kevin Clark
Batting: SHB Jamie Mims 0-0: Ground out 5-3 (Groundball, 56S, EV 81.2 MPH)
Batting: RHB Doug D'Onofrio 0-0: Ball
1-0: Foul Ball, location: 2F
1-1: Foul Ball, location: 2F
1-2: Ball
2-2: Ball
3-2: Ground out 5-3 (Groundball, 5S, EV 87.5 MPH)
Batting: RHB Zakhar Edelman 0-0: Swinging Strike
0-1: Called Strike
0-2: Strikes out looking
Bottom of the 6th over - 0 runs, 0 hits, 0 errors, 0 left on base; Oakland 12 - Colorado 0
TOP OF THE 7TH
Oakland Oaks batting - Pitching for Colorado Avalanche : RHP Davon Ware
Batting: RHB Chris Bohm 0-0: Called Strike
0-1: Ball
1-1: Ball
2-1: SINGLE (Groundball, 34D, EV 106.9 MPH)
Batting: SHB D.J. Codd 0-0: Called Strike
0-1: Ball
1-1: Ball
2-1: Foul Ball, location: 2F
2-2: Strikes out swinging
Batting: LHB Gregg Power 0-0: Called Strike
0-1: Ball
1-1: Called Strike
1-2: Foul Ball, location: 2F
1-2: Foul Ball, location: 2F
1-2: Foul Ball, location: 2F
1-2: Ball
2-2: Foul Ball, location: 2F
2-2: Strikes out looking
Batting: RHB Todd Vanasco 0-0: Fly out, F8 (Flyball, 8RXD, EV 110.6 MPH)
Top of the 7th over - 0 runs, 1 hit, 0 errors, 1 left on base; Oakland 12 - Colorado 0
BOTTOM OF THE 7TH
Colorado Avalanche batting - Pitching for Oakland Oaks : LHP Kevin Clark
Batting: LHB Paul McClintock 0-0: Foul Ball, location: 2F
0-1: Called Strike
0-2: Ball
1-2: SOLO HOME RUN (Flyball, 8LXD, EV 105.6 MPH), Distance : 444 ft
Batting: RHB Bob Hayes 0-0: Ball
1-0: Ball
2-0: Swinging Strike
2-1: Foul Ball, location: 2F
2-2: Strikes out swinging
Pinch Hitting: RHB Chris Osting 0-0: Ball
1-0: Ball
2-0: Ball
3-0: Base on Balls
Batting: RHB Mike McElroy 0-0: Ball
1-0: Fly out, F6 (Popup, 6S, EV 79.4 MPH)
Batting: SHB Brad Madden 0-0: Called Strike
0-1: Foul Ball, location: 2F
0-2: Fly out, F9 (Flyball, 9D, EV 86.2 MPH)
Bottom of the 7th over - 1 run, 1 hit, 0 errors, 1 left on base; Oakland 12 - Colorado 1
TOP OF THE 8TH
Oakland Oaks batting - Pitching for Colorado Avalanche : RHP Davon Ware
Now in LF: Chris Osting
Batting: RHB Tim Cordle 0-0: Ball
1-0: Swinging Strike
1-1: Ball
2-1: Ball
3-1: Base on Balls
Batting: RHB Tetsuya Shinoda 0-0: SINGLE (Groundball, 56D, EV 106.9 MPH)
Tim Cordle to second
Batting: RHB Travis Robinson 0-0: Ball
1-0: Ball
2-0: Ball
3-0: Called Strike
3-1: Foul Ball, location: 2F
3-2: Strikes out looking
Batting: RHB Larry Clark 0-0: Called Strike
0-1: Fly out, F9 (Flyball, 89D, EV 100.0 MPH)
Batting: RHB Scott Lister 0-0: Called Strike
0-1: Fly out, F8 (Flyball, 8RXD, EV 96.2 MPH)
Top of the 8th over - 0 runs, 1 hit, 0 errors, 2 left on base; Oakland 12 - Colorado 1
BOTTOM OF THE 8TH
Colorado Avalanche batting - Pitching for Oakland Oaks : LHP Kevin Clark
Batting: RHB Manny Thompson 0-0: Foul Ball, location: 2F
0-1: Ball
1-1: Swinging Strike
1-2: Foul Ball, location: 2F
1-2: Ball
2-2: Strikes out looking
Batting: SHB Jamie Mims 0-0: Called Strike
0-1: Called Strike
0-2: Fly out, F9 (Flyball, 89S, EV 82.5 MPH)
Batting: RHB Doug D'Onofrio 0-0: Called Strike
0-1: Called Strike
0-2: Foul Ball, location: 2F
0-2: Ball
1-2: Ground out 4-3 (Groundball, 34, EV 106.2 MPH)
Bottom of the 8th over - 0 runs, 0 hits, 0 errors, 0 left on base; Oakland 12 - Colorado 1
TOP OF THE 9TH
Oakland Oaks batting - Pitching for Colorado Avalanche : RHP Davon Ware
Batting: RHB Chris Bohm 0-0: Swinging Strike
0-1: Ball
1-1: Swinging Strike
1-2: Strikes out swinging
Batting: SHB D.J. Codd 0-0: Called Strike
0-1: Ball
1-1: Ball
2-1: Ball
3-1: Called Strike
3-2: Base on Balls
Pitching: RHP Jim Micaletti
Batting: LHB Gregg Power 0-0: Foul Ball, location: 2F
0-1: Ball
1-1: Swinging Strike
1-2: Grounds into double play, U3-6 (Groundball, 3L, EV 81.9 MPH)
Top of the 9th over - 0 runs, 0 hits, 0 errors, 0 left on base; Oakland 12 - Colorado 1
BOTTOM OF THE 9TH
Colorado Avalanche batting - Pitching for Oakland Oaks : LHP Kevin Clark
Batting: RHB Zakhar Edelman 0-0: Foul Ball, location: 2F
0-1: Ball
1-1: Ball
2-1: Called Strike
2-2: Foul Ball, location: 2F
2-2: SOLO HOME RUN (Flyball, 78XD, EV 109.4 MPH), Distance : 444 ft
Pitching: LHP Kevin Barteaux
Batting: LHB Paul McClintock 0-0: Called Strike
0-1: Foul Ball, location: 2F
0-2: Ball
1-2: Ball
2-2: Foul Ball, location: 2F
2-2: Foul Ball, location: 2F
2-2: Ball
3-2: DOUBLE (Line Drive, 89D, EV 111.9 MPH)
Batting: RHB Bob Hayes 0-0: Ball
1-0: Called Strike
1-1: Called Strike
1-2: Fly out, F9 (Flyball, 9LD, EV 83.8 MPH)
Runner from 2nd tags up, SAFE at 3rd, no throw by RF
Batting: RHB Chris Osting 0-0: Swinging Strike
0-1: Called Strike
0-2: Ball
1-2: Foul Ball, location: 2F
1-2: Ball
2-2: Fly out, F8 (Flyball, 78M, EV 99.4 MPH)
Batting: RHB Mike McElroy 0-0: Fly out, F9 (Flyball, 9, EV 90.6 MPH)
Bottom of the 9th over - 1 run, 2 hits, 0 errors, 1 left on base; Oakland 12 - Colorado 2
Wednesday, June 22nd , 2022 - OOTP Baseball 23.4 Build 64